 Dungeon Crawl Stone Soup version 0.28.0-45-g0d030f2227 (webtiles) character file.

Game seed: 16725094906479419419

268 CryoSword the Grave Robber (level 6, -6/50 HPs)
             Began as a Ghoul Necromancer on Apr 23, 2022.
             Mangled by a phantom (9 damage)
             ... on level 3 of the Dungeon.
             The game lasted 00:07:01 (5187 turns).

CryoSword the Grave Robber (Ghoul Necromancer)      Turns: 5187, Time: 00:07:02

Health: -6/50      AC:  2    Str: 12    XL:     6   Next: 21%
Magic:  8/8        EV: 12    Int: 18    God:
Gold:   187        SH:  0    Dex:  9    Spells: 5/9 levels left

rFire   . . .      SeeInvis .   f - +0 short sword
rCold   + . .      Faith    .   (no shield)
rNeg    + + +      Spirit   .   a - +0 robe
rPois   ∞          Reflect  .   (no helmet)
rElec   .          Harm     .   (no cloak)
rCorr   .          Rampage  .   (no gloves)
Will    .....                   (no boots)
Stlth   ++........              (no amulet)
HPRegen 0.00/turn               i - +6 ring of intelligence
MPRegen 0.11/turn               (no ring)

@: inhibited regen
A: claws 1, cold resistance 1, negative energy resistance 3, inhibited
regeneration, torment resistance 2
a: no special abilities


You were on level 3 of the Dungeon.
You visited 1 branch of the dungeon, and saw 4 of its levels.

You collected 187 gold pieces.

Inventory:

Hand Weapons
 f - a +0 short sword (weapon)
   (You took it off a kobold on level 2 of the Dungeon)
Missiles
 g - 2 boomerangs
 m - 4 poisoned darts
 o - a throwing net
Armour
 a - a +0 robe (worn)
 k - a +0 pair of gloves
   (You found it on level 3 of the Dungeon)
Jewellery
 i - a +6 ring of intelligence (left claw)
   (You found it on level 2 of the Dungeon)
Scrolls
 b - a scroll of vulnerability {unknown}
 c - a scroll of torment {unknown}
 d - 3 scrolls of immolation {unknown}
 h - 2 scrolls of identify {unknown}
 j - a scroll of holy word {unknown}
 l - 2 scrolls of teleportation {unknown}
 n - a scroll of fear {unknown}


   Skills:
 + Level 2.8 Fighting
 * Level 2.3 Short Blades
 - Level 2.0 Dodging
 - Level 2.1 Stealth
 - Level 2.0 Spellcasting
 * Level 5.7 Necromancy


You had 5 spell levels left.
You knew the following spells:

 Your Spells              Type           Power      Damage    Failure   Level
a - Pain                  Necr           88%        1d8       1%          1
b - Vampiric Draining     Necr           22%        2d7       4%          3

Your spell library contained the following spells:

 Spells                   Type           Power      Damage    Failure   Level
 Animate Skeleton         Necr           44%        N/A       1%          1
 Animate Dead             Necr           11%        N/A       17%         4
 Magic Dart               Conj           4%         1d3       19%         1
 Slow                     Hex            4%         N/A       19%         1
 Call Imp                 Summ           1%         N/A       26%         2
 Agony                    Necr           22%        N/A       43%         5
 Confusing Touch          Hex            1%         N/A       47%         3
 Mephitic Cloud           Conj/Pois/Air  1%         N/A       47%         3


Dungeon Overview and Level Annotations

Branches:
Dungeon (4/15)
 Temple: D:4-7

Altars:
Elyvilon

Annotations:
D:4 1 transporter


Innate Abilities, Weirdness & Mutations

You thrive by killing the living.
You are immune to poison.
You have sharp fingernails.
Your flesh is cold resistant. (rC+)
You are immune to negative energy. (rN+++)
You do not regenerate when monsters are visible.
You are immune to unholy pain and torment.


Message History

The gnoll shouts!
The gnoll writhes in agony!
The gnoll shouts!
You hear a shout!
Aim: a gnoll, wielding a +0 spear (heavily wounded, chance to affect: 85%)
The gnoll writhes in agony.
Aim: a gnoll, wielding a +0 spear (severely wounded, chance to affect: 85%)
The gnoll writhes in agony.
You kill the gnoll!
A gnoll comes into view. It is wielding a +0 spear.
Aim: a gnoll, wielding a +0 whip (chance to affect: 86%)
The gnoll writhes in agony.
Aim: a gnoll, wielding a +0 whip (moderately wounded, chance to affect: 86%)
The gnoll writhes in agony.
Aim: a gnoll, wielding a +0 whip (heavily wounded, chance to affect: 86%)
The gnoll writhes in agony.
The gnoll completely misses you.
The gnoll hits you from afar with a +0 spear.
Aim: a gnoll, wielding a +0 whip (severely wounded, chance to affect: 86%)
The gnoll writhes in agony.
The gnoll hits you from afar with a +0 spear.
You don't have enough magic to cast this spell.
You hit the gnoll.
You kill the gnoll!
You hear the slow hiss of a very distant avalanche of sand.
The gnoll hits you from afar with a +0 spear.
You have reached level 6!
The gnoll hits you with a +0 spear.
Aim: a gnoll, wielding a +0 spear You draw life force from the gnoll!
You feel life coursing into your body. The gnoll hits you with a +0 spear.
You hit the gnoll. The gnoll hits you with a +0 spear.
You barely miss the gnoll. The gnoll hits you with a +0 spear.
You hit the gnoll but do no damage. The gnoll hits you with a +0 spear.
* * * LOW HITPOINT WARNING * * *
You hit the gnoll. The gnoll barely misses you.
You barely miss the gnoll. The gnoll hits you but does no damage.
You hit the gnoll but do no damage. The gnoll completely misses you.
Aim: a gnoll, wielding a +0 spear (severely wounded, chance to affect: 86%)
The gnoll barely resists.
The gnoll completely misses you.
You barely miss the gnoll. The gnoll closely misses you.
You hit the gnoll. The gnoll barely misses you.
You hit the gnoll.
You kill the gnoll!
You feel better.
You start resting.
You hear the hiss of a very distant avalanche of sand.
You start resting.
You hear the brisk hiss of a very distant avalanche of sand.
You start resting.
You hear the brisk hiss of a very distant avalanche of sand.
There is an escape hatch in the ceiling here.
A mysterious force pulls you upwards. The hatch slams shut behind you.
You start resting.
You start waiting.
Done waiting.
You start waiting.
Done waiting.
You start waiting.
Done waiting.
A frilled lizard comes into view.
You can't go down here!
The frilled lizard hisses angrily.
The frilled lizard bites you but does no damage.
You barely miss the frilled lizard. The frilled lizard closely misses you.
You hit the frilled lizard.
You kill the frilled lizard!
There is a stone staircase leading down here.
You climb downwards.
You hear the hiss of flowing sand.
There is an entrance to an ossuary on this level.
Hurry and find it before the portal is buried!
The walls and floor vibrate strangely for a moment.
Level annotation: 1 transporter
Found a book of Minor Magic.
Found a stone staircase leading down.
There is a stone staircase leading up here.
Unknown command.
Unknown command.
An orc priest is nearby!
An orc priest is nearby!
An orc comes into view. It is wielding a +0 flail.
Okay, then.
Aim: an orc priest, wielding a +0 flail (chance to affect: 81%)
The orc priest barely resists.
Aim: an orc priest, wielding a +0 flail (chance to affect: 81%)
The orc priest writhes in agony.
Aim: an orc priest, wielding a +0 flail (moderately wounded, chance to affect: 81%)
The orc priest barely resists.
The orc priest hits you with a +0 flail.
Aim: an orc priest, wielding a +0 flail (moderately wounded)
You draw life force from the orc priest!
You kill the orc priest!
You feel better.
You feel life coursing into your body.
Things that are here:
a +0 flail; an orc corpse
Aim: an orc, wielding a +0 flail and wearing a +0 leather armour (chance to affect: 91%)
The orc writhes in agony.
You hit the orc. The orc closely misses you.
You hit the orc. The orc hits you with a +0 flail.
You closely miss the orc. The orc hits you with a +0 flail.
You hit the orc.
You kill the orc!
No target in view!
Things that are here:
a +0 flail; a +0 leather armour; an orc corpse
Found 20 stones.
Found 11 bolts.
A phantom comes into view.
A phantom is nearby!
A phantom is nearby!
A phantom is nearby!
Found a lumpy white potion.
There is a stone staircase leading up here.
The phantom hits you. The phantom misses you.
You climb upwards.
There is a stone staircase leading down here.
You barely miss the phantom. Your claw misses the phantom.
The phantom barely misses you.
You miss the phantom.
The phantom hits you but does no damage.
You closely miss the phantom. The phantom hits you.
You hit the phantom but do no damage. The phantom hits you.
You closely miss the phantom. The phantom hits you.
The phantom blinks!
You blink.
You hit the phantom. The phantom barely misses you.
You closely miss the phantom. The phantom hits you!
* * * LOW HITPOINT WARNING * * *
The phantom blinks!
You blink.
You hit the phantom. You barely miss the phantom. The phantom hits you!
* * * LOW HITPOINT WARNING * * *
The phantom blinks!
You blink.
You closely miss the phantom. The phantom hits you.
* * * LOW HITPOINT WARNING * * *
The phantom blinks!
You blink.
The phantom hits you.
* * * LOW HITPOINT WARNING * * *
The phantom hits you but does no damage.
It was a potion of magic.
Magic courses through your body.
You hit the phantom. The phantom closely misses you.
You hit the phantom. The phantom hits you!
* * * LOW HITPOINT WARNING * * *
The phantom blinks!
You blink.
You barely miss the phantom. The phantom closely misses you.
You hit the phantom.
The phantom hits you but does no damage.
You barely miss the phantom. The phantom hits you!
You die...

####.########
#............
#######+##'#######.
#............# ##
#............######
#..................
#..................
#.............#....
#.@W.........##....
#............##....
#..................
#...........##.....
###...#>.........<.
###.##.......#...
#.######...._[.
#..............
########.#..###


You could see a phantom.

Vanquished Creatures
  2 jellies (D:2)
  2 orc priests
  Jessica (D:3)
  3 gnolls (D:4)
  An adder (D:2)
  3 worms
  2 dart slugs
  5 orcs
  2 ball pythons (D:1)
  12 endoplasms
  3 giant cockroaches
  3 goblins
  5 hobgoblins
  3 quokkas
  4 bats
  3 frilled lizards
  10 kobolds
  6 rats
70 creatures vanquished.

Vanquished Creatures (others)
  7 fungi (D:2)
  11 toadstools (D:2)
18 creatures vanquished.

Grand Total: 88 creatures vanquished

Notes
Turn   | Place    | Note
-------+----------+-------------------------------------------
     0 | D:1      | CryoSword the Ghoul Necromancer began the quest for the
                  | Orb.
     0 | D:1      | Reached XP level 1. HP: 14/14 MP: 2/2
   125 | D:1      | Reached XP level 2. HP: 22/22 MP: 0/3
  1053 | D:1      | Reached skill level 1 in Fighting
  1165 | D:2      | Reached XP level 3. HP: 11/28 MP: 2/5
  1690 | D:2      | Reached XP level 4. HP: 32/36 MP: 0/6
  2196 | D:2      | Reached skill level 5 in Necromancy
  2211 | D:2      | Learned a level 3 spell: Vampiric Draining
  3127 | D:2      | Reached skill level 1 in Short Blades
  3127 | D:2      | Reached XP level 5. HP: 28/41 MP: 0/7
  3964 | D:3      | Found a faded altar of an unknown god.
  3985 | D:3      | Noticed Jessica
  3992 | D:3      | Killed Jessica
  4417 | D:4      | Found a transporter.
  4563 | D:4      | Reached XP level 6. HP: 39/50 MP: 0/8
  5187 | D:3      | Mangled by a phantom

Illustrated notes

Levels and vault maps discovered:
D:1:      ncdulo_smallfort, layout_basic, minmay_tromino_v4_b
D:2:      cheibrodos_fertilizer, layout_loops_ring, basic_altar,
          kennysheep_big_empty_room
D:3:      layout_basic, nicolae_overflow_hidden_temple, basic_ecumenical_altar,
          st_stairs_6, uniq_jessica
D:4:      gammafunk_cloud_chamber, layout_layer_cave,
          biasface_ghost_orc_armoury, enter_ossuary_3, minmay_shop_damaged,
          minmay_divided_ellipse

Skill      XL: |  1  2  3  4  5 |
---------------+----------------+-----
Dodging        | 2 |  2.0
Spellcasting   | 2 |  2.0
Fighting       | 1 2 |  2.8
Necromancy     | 5 |  5.7
Short Blades   | 1 2 |  2.3
Stealth        | |  2.1

Action                   |  1- 3 |  4- 6 || total
-------------------------+-------+-------++-------
Melee: Unarmed           |    23 |       ||    23
       Short sword       |     4 |   137 ||   141
       Punch             |       |     3 ||     3
 Cast: Pain              |    47 |    71 ||   118
       Vampiric Draining |       |     3 ||     3
  Use: Potion            |       |     1 ||     1
 Stab: Sleeping          |     1 |     1 ||     2
       Distracted        |       |     1 ||     1
Armor: Robe              |     7 |    31 ||    38
Dodge: Dodged            |    31 |   103 ||   134
